 Dungeon Crawl Stone Soup version 0.28-a0-883-gc8d7bad45d (webtiles) character file.

Game seed: 12576640842199143760

371 ytrimaz the Skirmisher (level 6, -7/49 HPs)
             Began as a Demonspawn Fighter on Nov 22, 2021.
             Mangled by Duvessa (11 damage)
             ... on level 4 of the Dungeon.
             The game lasted 00:04:19 (2895 turns).

ytrimaz the Skirmisher (Demonspawn Fighter)         Turns: 2895, Time: 00:04:19

Health: -7/49      AC:  9    Str: 18    XL:     6   Next: 42%
Magic:  6/6        EV:  9    Int: 10    God:
Gold:   201        SH:  4    Dex: 12    Spells: 5/5 levels left

rFire   . . .      SeeInvis .   i - +0 double sword
rCold   . . .      Faith    .   c - +0 buckler
rNeg    . . .      Spirit   .   b - +0 scale mail
rPois   .          Reflect  .   l - +0 helmet
rElec   .          Harm     .   (no cloak)
rCorr   .          Rampage  .   (no gloves)
Will    .....                   (no boots)
Stlth   ..........              (no amulet)
HPRegen 0.16/turn               (no ring)
MPRegen 0.10/turn               (no ring)

@: mighty, lit by a corona, hasted, glowing, very quick
A: ignite blood 1, sharp scales 1, fangs 1
a: no special abilities


You were on level 4 of the Dungeon.
You visited 1 branch of the dungeon, and saw 4 of its levels.

You collected 201 gold pieces.

Inventory:

Hand Weapons
 a - a +0 war axe
 i - a +0 double sword (weapon)
Missiles
 p - 2 throwing nets (quivered)
Armour
 b - a +0 scale mail (worn)
 c - a +0 buckler (worn)
 l - a +0 helmet (worn)
Jewellery
 r - a ring of magical power
Scrolls
 f - 2 scrolls of immolation
 k - a scroll of fog
Potions
 e - a potion of curing
 h - a potion of mutation
 j - a potion of attraction {unknown}
 m - a potion of berserk rage {unknown}
 n - 2 potions of heal wounds {unknown}
 o - a potion of resistance {unknown}
 q - a potion of flight {unknown}


   Skills:
 * Level 4.6 Fighting
 * Level 2.8 Long Blades
 - Level 3.1 Axes
 + Level 3.6 Armour
 + Level 3.2 Shields


You had 5 spell levels left.
You didn't know any spells.
Your spell library contained the following spells:

 Spells                   Type           Power      Damage    Failure   Level
 Ensorcelled Hibernation  Hex/Ice        0%         N/A       89%         2
 Spider Form              Tmut/Pois      0%         N/A       98%         3


Dungeon Overview and Level Annotations

Branches:
Dungeon (4/15)
 Temple: D:4-7

Altars:
Gozag

Annotations:
D:2 Robin
D:4 Duvessa


Innate Abilities, Weirdness & Mutations

Your demonic aura sometimes causes spilled blood to erupt in flames.
You are partially covered in razor-sharp scales. (AC +1, Slay +1)
You have very sharp teeth.


Message History

You slash Dowan!
Dowan is heavily wounded.
Dowan hits you but does no damage. Something hits you.
You block Dowan's attack.
Unknown command.
Something hits you.
* * * LOW HITPOINT WARNING * * *
You closely miss something. You block something's attack.
Dowan gestures at you while chanting.
Duvessa is outlined in light.
Duvessa barely misses you.
You feel very mighty all of a sudden.
Dowan casts a spell.
Dowan blinks!
Duvessa hits you but does no damage.
It was a potion of curing.
You feel better. Duvessa hits you with a +0 short sword.
You feel yourself speed up. Dowan gestures at you while chanting.
You are outlined in light.
Duvessa closely misses you.
You slash Duvessa!
Duvessa is moderately wounded.
You hit Duvessa but do no damage.
Duvessa is moderately wounded.
Duvessa hits you with a +0 short sword!
* * * LOW HITPOINT WARNING * * *
Dowan is engulfed in blazing flames.
You kill Dowan!
Duvessa screams in rage.
Duvessa goes berserk!
It was a potion of mutation.
You feel extremely strange.
Your teeth lengthen and sharpen.
Duvessa closely misses you.
You feel better. Duvessa hits you but does no damage.
You slash Duvessa! You bite Duvessa.
Duvessa is severely wounded.
Duvessa stops glowing and disappears.
You block something's attack. Something hits you!
* * * LOW HITPOINT WARNING * * *
Unknown command.
You start resting.
Something hits you!
You die...

.# #.#....# .# .# .#
#.#....# #### ###.##...
.# #.†..###
#............. ##
##.....# #.##.# .......
#..(..### #.#.#.#.......
#####.#.###..###........
##........#.#.####.#
######°##.##.# #@○...:.#
#########


There were no monsters in sight!

Vanquished Creatures
  An ogre (D:3)
  Dowan (D:4)
  An orc priest (D:3)
  A centaur skeleton (D:2)
  A bullfrog skeleton (D:4)
  An orc wizard (D:3)
  3 adders (D:2)
  4 dart slugs
  2 worms (D:2)
  3 orcs (D:3)
  5 ball pythons
  6 endoplasms
  4 giant cockroaches
  16 hobgoblins
  4 jackals (D:3)
  2 quokkas
  7 bats
  3 frilled lizards
  14 goblins
  3 kobolds
  5 rats
87 creatures vanquished.

Notes
Turn   | Place    | Note
-------+----------+-------------------------------------------
     0 | D:1      | ytrimaz the Demonspawn Fighter began the quest for the Orb.
     0 | D:1      | Reached XP level 1. HP: 18/18 MP: 1/1
   175 | D:1      | Gained mutation: You are partially covered in razor-sharp
                  | scales. (AC +1, Slay +1) [demonic ancestry]
   175 | D:1      | Reached XP level 2. HP: 17/24 MP: 2/2
   789 | D:2      | Reached XP level 3. HP: 29/29 MP: 3/3
   943 | D:2      | Reached XP level 4. HP: 36/37 MP: 4/4
  1172 | D:2      | Reached skill level 4 in Fighting
  1333 | D:2      | Found an opulent altar of Gozag.
  1469 | D:2      | Noticed Robin
  1974 | D:3      | Reached XP level 5. HP: 39/42 MP: 5/5
  1984 | D:3      | Reached skill level 1 in Long Blades
  2489 | D:3      | Noticed an ogre
  2496 | D:3      | Killed an ogre
  2497 | D:3      | Gained mutation: Your demonic aura sometimes causes spilled
                  | blood to erupt in flames. [demonic ancestry]
  2497 | D:3      | Reached XP level 6. HP: 39/49 MP: 6/6
  2873 | D:4      | Noticed Duvessa
  2873 | D:4      | Noticed Dowan
  2890 | D:4      | Killed Dowan
  2891 | D:4      | Gained mutation: You have very sharp teeth. [potion of
                  | mutation]
  2895 | D:4      | Mangled by Duvessa

Illustrated notes

Levels and vault maps discovered:
D:1:      scummos_arrival_forest, layout_rooms
D:2:      minmay_spotlight, layout_basic, basic_altar, minmay_distorted,
          uniq_robin
D:3:      layout_basic, nicolae_elevator_lobby_plus
D:4:      layout_loops_corners, cheibrodos_sewer_entry_sluice,
          hangedman_decor_push, uniq_duvessa, uniq_ijyb

Skill      XL: |  1  2  3  4  5 |
---------------+----------------+-----
Axes           | 2 3 |  3.1
Armour         | 3 |  3.6
Shields        | 3 |  3.2
Fighting       | 4 |  4.6
Long Blades    | 2 |  2.8

Action                   |  1- 3 |  4- 6 || total
-------------------------+-------+-------++-------
Melee: War axe           |    72 |    64 ||   136
       Double sword      |       |   109 ||   109
       Unarmed           |       |     2 ||     2
       Bite              |       |     1 ||     1
  Use: Potion            |       |     7 ||     7
       Scroll            |       |     4 ||     4
Armor: Scale mail        |    46 |   124 ||   170
Dodge: Dodged            |    34 |    87 ||   121
Block: Buckler           |    25 |    42 ||    67

Table legend: (Time is in decaauts)
 A = Elapsed time spent in this place.
 B = Non-inter-level travel time spent in this place.
 C = Inter-level travel time spent in this place.
 D = Time resting spent in this place.
 E = Time spent auto-exploring this place.
 F = Levels seen in this place.
 G = Mean time per level.
                   A        B        C        D        E       F      G
               +--------+--------+--------+--------+--------+-----+--------+
         Total |   2967 |   2923 |     44 |    434 |   1785 |   4 |  741.8 |
       Dungeon |   2967 |   2923 |     44 |    434 |   1785 |   4 |  741.8 |
               +--------+--------+--------+--------+--------+-----+--------+

Top non-repeatable levels by time:
     D:2: 1060 daAuts
     D:3: 837 daAuts
     D:1: 803 daAuts
     D:4: 265 daAuts
